 Dungeon Crawl Stone Soup version 0.24.0-35-gdb84b6a5db (webtiles) character file.

Game seed: 3001877823080712556, levelgen mode: deterministic

18 Katsumi the Changer (level 2, -3/12 HPs)
             Began as a Felid Transmuter on Nov 18, 2019.
             Hit by a stone thrown by a kobold (4 damage)
             ... on level 1 of the Dungeon.
             The game lasted 00:00:48 (1503 turns).

Katsumi the Changer (Felid Transmuter)              Turns: 1503, Time: 00:00:48

Health: -3/12      AC:  1    Str:  6    XL:     2   Next: 48%
Magic:  5/6        EV: 18    Int: 14    God:
Gold:   51         SH:  0    Dex: 16    Spells: 2/5 levels left
                                        Lives:  0   Deaths: 0

rFire    . . .     SeeInvis +     - Unarmed
rCold    . . .     Gourm    .   (shield unavailable)
rNeg     . . .     Faith    .   (armour unavailable)
rPois    .         Spirit   .   (helmet unavailable)
rElec    .         Reflect  .   (cloak unavailable)
rCorr    .         Harm     .   (gloves unavailable)
MR       .....                  (boots unavailable)
Stlth    ++........             (no amulet)
HPRegen  0.04/turn              (no ring)
MPRegen  0.10/turn              (no ring)

@: appendage (expiring), quick
A: very small, no armour, no weapons or thrown items, stealth, claws 1, fangs 3,
horns 2, see invisible, carnivore, speed 1, shaggy fur 1, slow metabolism 1,
sharp paws
a: End Transformation


You were on level 1 of the Dungeon.
You were very full.
You had grown temporary horns.
You visited 1 branch of the dungeon, and saw 2 of its levels.

You collected 51 gold pieces.

Inventory:

Missiles
 a - 12 arrows
Jewellery
 b - an uncursed ring of see invisible {unknown}
Scrolls
 d - 4 scrolls of amnesia {unknown}
 e - a scroll of immolation {unknown}
 h - a scroll of identify {unknown}
 i - a scroll of fear {unknown}
Potions
 f - a potion of curing {unknown}
 g - 2 potions of degeneration {unknown}
Comestibles
 c - 5 rations


   Skills:
 - Level 1.0 Fighting
 - Level 2.6 Dodging
 - Level 3.0 Unarmed Combat
 - Level 2.0 Spellcasting
 + Level 3.5 Transmutations


You had 2 spell levels left.
You knew the following spells:

 Your Spells              Type           Power        Failure   Level  Hunger
a - Beastly Appendage     Tmut           ##....       5%          1    ##.....
b - Sticks to Snakes      Tmut           ##......     9%          2    ###....

Your spell library contained the following spells:

 Spells                   Type           Power        Failure   Level  Hunger
 Spider Form              Tmut/Pois      #.........   34%         3    ####...
 Ice Form                 Ice/Tmut       #.......     75%         4    #####..
 Blade Hands              Tmut           ##........   83%         5    ######.


Dungeon Overview and Level Annotations

Branches:
Dungeon (2/15)

Altars:


Innate Abilities, Weirdness & Mutations

You cannot wear armour.
You are incapable of wielding weapons or throwing items.
Your paws allow you to move quietly. (Stealth)
You have sharp claws.
You have razor-sharp teeth.
You have supernaturally acute eyesight. (SInv)
You are carnivorous and can eat meat at any time.
You cover ground quickly.
You are covered in fur. (AC +1)
You have a slow metabolism.
Your sharp claws are effective at attacking unaware monsters.
You have a pair of horns on your head.


Message History

You are too injured to fight recklessly!
You are too injured to fight recklessly!
You are too injured to fight recklessly!
You are too injured to fight recklessly!
You are too injured to fight recklessly!
You are too injured to fight recklessly!
You are too injured to fight recklessly!
You are too injured to fight recklessly!
Unknown command.
There are monsters nearby!
Unknown command.
You barely miss the dart slug. You headbutt the dart slug.
The dart slug is heavily wounded.
The kobold hits you with a +0 club.
* * * LOW HITPOINT WARNING * * *
The dart slug completely misses you.
Unknown command.
Unknown command.
The kobold throws a stone.
The stone hits you.
You die...

##.#####...#### #.#
#..>)........# #.#
########.....# #.# #.....#
#.# #.....# #.#
#.....####.#
##########......##.#
................##w#####
###########.##(.@.K....#
#.......###.###.##.....#
....<....######.#####)....#
..............### ...#...
..##'##....⌠...# ...# [.
..#...#........# #..#
..#8.8#........# ..!
####'########### ....
###..# .##..


You could see a dart slug and a kobold.

Vanquished Creatures
  4 goblins (D:1)
  3 hobgoblins (D:1)
  A bat (D:1)
  4 kobolds (D:1)
  5 rats (D:1)
17 creatures vanquished.

Notes
Turn   | Place    | Note
-------+----------+-------------------------------------------
     0 | D:1      | Katsumi the Felid Transmuter began the quest for the Orb.
     0 | D:1      | Reached XP level 1. HP: 9/9 MP: 4/4
  1042 | D:1      | Reached XP level 2. HP: 12/12 MP: 4/6
  1059 | D:1      | Learned a level 2 spell: Sticks to Snakes
  1503 | D:1      | Hit by a stone thrown by a kobold

Levels and vault maps discovered:
D:1:      giann_wishing_wells, layout_loops_ring, minmay_tetromino_t2
D:2:      layout_rooms, lightli_temple_of_fire, lemuel_round_altar

Skill      XL: |  1 |
---------------+----+-----
Transmutations | 3 |  3.5
Fighting       | |  1.0
Dodging        | |  2.6
Unarmed Combat | |  3.0
Spellcasting   | |  2.0

Action                   || total
-------------------------++-------
Melee: Unarmed           ||    47
       Headbutt          ||     7
       Bite              ||     2
       Punch             ||     1
 Cast: Beastly Appendage ||    11
 Stab: Sleeping          ||     1
  Eat: Chunk             ||     7
Armor: Skin              ||     1
Dodge: Dodged            ||    37
